 Dungeon Crawl Stone Soup version 0.27-a0-732-ga892ba84f6 (webtiles) character file.

Game seed: 1603871367345107532

333 Lanoc the Magician (level 6, -2/40 HPs)
             Began as a Djinni Fire Elementalist on Mar 23, 2021.
             Was a Follower of the Shining One.
             Slain by a scorpion (6 damage)
             ... on level 4 of the Dungeon.
             The game lasted 00:04:44 (5531 turns).

Lanoc the Magician (Djinni Fire Elementalist)       Turns: 5531, Time: 00:04:44

Health: -2/40      AC:  2    Str: 13    XL:     6   Next: 53%
Magic:  0/0        EV: 13    Int: 19    God:    the Shining One [*.....]
Gold:   129        SH:  0    Dex: 13    Spells: 0/15 levels left

rFire    + + +     SeeInvis .   (no weapon)
rCold    x x .     Faith    .   (no shield)
rNeg     . . .     Spirit   .   a - +0 robe
rPois    ∞         Reflect  .   (no helmet)
rElec    .         Harm     .   (no cloak)
rCorr    .         Rampage  .   (no gloves)
Will     .....                  (boots unavailable)
Stlth    +.........             (no amulet)
HPRegen  0.13/turn              e - ring of fire
MPRegen  0.00/turn              g - +6 ring of strength

@: flying, glowing
A: fire resistance 2, cold vulnerability 1, float, innate caster, hp casting,
extra vitality 1
a: Renounce Religion


You were on level 4 of the Dungeon.
You worshipped the Shining One.
The Shining One was aware of your devotion.
You visited 1 branch of the dungeon, and saw 4 of its levels.

You collected 175 gold pieces.
You spent 46 gold pieces at shops.

Inventory:

Armour
 a - a +0 robe (worn)
Jewellery
 e - a ring of fire (right hand)
 g - a +6 ring of strength (left hand)
Wands
 p - a wand of flame (19)
Scrolls
 b - 5 scrolls of identify {unknown}
 d - 3 scrolls of enchant weapon {unknown}
 f - a scroll of vulnerability {unknown}
 j - 3 scrolls of amnesia {unknown}
 k - a scroll of holy word {unknown}
 l - a scroll of immolation {unknown}
 n - a scroll of teleportation {unknown}
 q - 2 scrolls of fear {unknown}
Potions
 c - a potion of attraction {unknown}
 h - a potion of cancellation {unknown}
 i - a potion of magic {unknown}
 m - 2 potions of curing
 o - a potion of mutation {unknown}
 r - a potion of flight {unknown}


   Skills:
 + Level 4.4 Dodging
 - Level 1.5 Stealth
 * Level 5.2 Spellcasting


You couldn't memorise any spells.
You knew the following spells:

 Your Spells              Type           Power      Damage    Failure   Level
a - Foxfire               Conj/Fire      100%       2x1d9     1%          1
b - Conjure Flame         Conj/Fire      37%        6-21      4%          3
c - Inner Flame           Hex/Fire       37%        N/A       4%          3
d - Sticky Flame          Conj/Fire      37%        2d6       14%         4
e - Fireball              Conj/Fire      18%        3d9       36%         5
f - Beastly Appendage     Tmut           48%        N/A       1%          1
g - Ensorcelled Hibernat  Hex/Ice        48%        N/A       2%          2
Your spell library was empty.

Dungeon Overview and Level Annotations

Branches:
Dungeon (4/15)
 Temple: D:4-7

Altars:
Makhleb
The Shining One

Shops:
D:4 =*=!


Innate Abilities, Weirdness & Mutations

You are immune to poison.
Your flesh is very heat resistant. (rF++)
You are vulnerable to cold. (rC-)
You float through the air rather than walking.
You learn spells naturally, not from books.
Your magical power is your life essence.
You have superior vitality. (+4 HP)


Message History

The foxfire hits the scorpion.
The scorpion is moderately wounded.
The scorpion stings you but does no damage.
You hit the scorpion but do no damage.
The scorpion is moderately wounded.
The scorpion stings you!
Casting: Foxfire (safe; 1% risk of failure)
Confirm with . or Enter, or press ? or * to list all spells.
You feel a surge of power!
You conjure some foxfire!
The scorpion stings you!
* * * LOW HITPOINT WARNING * * *
You hit the scorpion but do no damage.
The scorpion is moderately wounded.
The foxfire hits the scorpion.
The scorpion is severely wounded.
The foxfire hits the scorpion but does no damage.
The scorpion is severely wounded.
The scorpion stings you!
* * * LOW HITPOINT WARNING * * *
It was a potion of curing.
You feel better.
The scorpion stings you but does no damage.
Casting: Foxfire (safe; 1% risk of failure)
Confirm with . or Enter, or press ? or * to list all spells.
You feel a surge of power!
You conjure some foxfire!
* * * LOW HITPOINT WARNING * * *
The scorpion stings you.
* * * LOW HITPOINT WARNING * * *
You hit the scorpion but do no damage.
The scorpion is severely wounded.
The foxfire hits the scorpion.
The scorpion is almost dead.
The foxfire hits the scorpion.
The scorpion is almost dead.
The scorpion stings you.
* * * LOW HITPOINT WARNING * * *
Casting: Foxfire (safe; 1% risk of failure)
Confirm with . or Enter, or press ? or * to list all spells.
You feel a surge of power!
You conjure some foxfire!
* * * LOW HITPOINT WARNING * * *
The scorpion stings you.
You die...

### #.. #.# #.# #.#
#v#####.> #.#@s))....
#.#v#####.. #.#.#...#
#. #.#.#.#.# #.
#.#.#.#.#.........# #.
#.#...#.#.........#
#.##.#####.#.........#
#.#........#.........##
#.#..#####.#...........


You could see a scorpion (ally target).

Vanquished Creatures
  An ogre (D:4)
  A hound (D:2)
  2 orc wizards (D:3)
  A hound zombie (D:4)
  3 gnolls (D:4)
  5 adders
  A white imp (D:4)
  A worm (D:3)
  4 orcs
  7 bats
  3 giant cockroaches
  5 goblins
  5 hobgoblins
  5 oozes
  4 quokkas
  4 ball pythons
  3 frilled lizards
  9 kobolds
  7 rats
71 creatures vanquished.

Vanquished Creatures (others)
  309 foxfires
309 creatures vanquished.

Grand Total: 380 creatures vanquished

Notes
Turn   | Place    | Note
-------+----------+-------------------------------------------
     0 | D:1      | Lanoc the Djinni Fire Elementalist began the quest for the
                  | Orb.
     0 | D:1      | Reached XP level 1. HP: 15/15 MP: 0/0
   366 | D:1      | Reached skill level 3 in Spellcasting
   366 | D:1      | Reached XP level 2. HP: 15/21 MP: 0/0
  1488 | D:1      | Reached XP level 3. HP: 20/25 MP: 0/0
  1488 | D:1      | Learned a level 1 spell: Beastly Appendage
  1957 | D:2      | Found a faded altar of an unknown god.
  1964 | D:2      | Became a worshipper of the Shining One
  1964 | D:2      | Reached * piety under the Shining One
  3114 | D:2      | Found a burning altar of Makhleb.
  3119 | D:2      | Reached XP level 4. HP: 23/31 MP: 0/0
  3560 | D:3      | Reached skill level 4 in Spellcasting
  3712 | D:3      | Reached XP level 5. HP: 21/35 MP: 0/0
  3712 | D:3      | Learned a level 2 spell: Ensorcelled Hibernation
  4865 | D:4      | Found Donol's Distillery.
  4874 | D:4      | Found Lopnaywn's Jewellery Shop.
  5121 | D:4      | Noticed an ogre
  5145 | D:4      | Found Tima's Assorted Antiques.
  5153 | D:4      | Killed an ogre
  5154 | D:4      | Reached skill level 5 in Spellcasting
  5154 | D:4      | Reached XP level 6. HP: 12/40 MP: 0/0
  5156 | D:4      | Bought a scroll labelled SERAZO RECEUVI for 23 gold pieces
  5156 | D:4      | Bought a scroll labelled ABROGYWKOI for 23 gold pieces
  5384 | D:4      | Found Xasiar's Jewellery Boutique.
  5398 | D:4      | Found a glowing golden altar of the Shining One.
  5527 | D:4      | HP: 1/40 [scorpion (10)]
  5531 | D:4      | Slain by a scorpion

Illustrated notes

Levels and vault maps discovered:
D:1:      lightli_arrival_boilingwater, layout_loops_corners, minmay_3d_cube
D:2:      layout_loops_ring, chequers_ecumenical_altar_simple,
          makhleb_blood_cavern_becter
D:3:      layout_basic, hex_medium
D:4:      layout_basic, tso_metal_star, serial_shops, nicolae_shop_waterfront,
          shop, shop, shop, roderic_lattice_a

Skill      XL: |  1  2  3  4  5 |
---------------+----------------+-----
Spellcasting   | 3 4 5 |  5.2
Dodging        | 3 4 |  4.4
Stealth        | |  1.5

Action                   |  1- 3 |  4- 6 || total
-------------------------+-------+-------++-------
Melee: Unarmed           |     5 |    16 ||    21
 Cast: Foxfire           |   105 |    90 ||   195
  Use: Potion            |       |     1 ||     1
Armor: Robe              |    10 |     2 ||    12
Dodge: Dodged            |     8 |    18 ||    26

Table legend: (Time is in decaauts)
 A = Elapsed time spent in this place.
 B = Non-inter-level travel time spent in this place.
 C = Inter-level travel time spent in this place.
 D = Time resting spent in this place.
 E = Time spent auto-exploring this place.
 F = Levels seen in this place.
 G = Mean time per level.
                   A        B        C        D        E       F      G
               +--------+--------+--------+--------+--------+-----+--------+
         Total |   5529 |   5424 |    105 |      0 |   5032 |   4 | 1382.2 |
       Dungeon |   5529 |   5424 |    105 |      0 |   5032 |   4 | 1382.2 |
               +--------+--------+--------+--------+--------+-----+--------+

Top non-repeatable levels by time:
     D:1: 1875 daAuts
     D:3: 1551 daAuts
     D:2: 1349 daAuts
     D:4: 752 daAuts
